 Dungeon Crawl Stone Soup version 0.28.0-53-g5a82cb258f (webtiles) character file.

Game seed: 13511406818057044101

2906 Plasmagod the Covert (level 9, -5/42 HPs)
             Began as a Spriggan Enchanter on July 15, 2022.
             Was a Believer of Dithmenos.
             Killed from afar by Harold (13 damage)
             ... with a harpoon shot
             ... on level 7 of the Dungeon.
             The game lasted 00:30:06 (8192 turns).

Plasmagod the Covert (Spriggan Enchanter)           Turns: 8192, Time: 00:30:06

Health: -5/42      AC:  7    Str:  4    XL:     9   Next: 49%
Magic:  14/20      EV: 20    Int: 19    God:    Dithmenos [**....]
Gold:   337        SH:  0    Dex: 17    Spells: 14/22 levels left

rFire   . . .      SeeInvis +   n - +4 dagger (pain)
rCold   . . .      Faith    .   (no shield)
rNeg    . . .      Spirit   .   b - +1 robe
rPois   .          Reflect  .   (helmet restricted)
rElec   .          Harm     .   (no cloak)
rCorr   .          Rampage  .   (gloves unavailable)
Will    +....                   (boots unavailable)
Stlth   ++++++....              (no amulet)
HPRegen 0.14/turn               e - +4 ring of protection
MPRegen 0.17/turn               u - ring of wizardry

@: wreathed by umbra, invisible, very quick
A: very small, no large weapons, unfitting armour, see invisible, speed 3
a: Renounce Religion, Shadow Step


You were on level 7 of the Dungeon.
You worshipped Dithmenos.
Dithmenos was pleased with you.
You visited 2 branches of the dungeon, and saw 8 of its levels.

You collected 337 gold pieces.

Inventory:

Hand Weapons
 a - a +1 dagger
 n - a +4 dagger of pain (weapon)
Armour
 b - a +1 robe (worn)
Jewellery
 e - a +4 ring of protection (left hand)
 l - a ring of protection from fire
 u - a ring of wizardry (right hand)
Wands
 r - a wand of paralysis (9)
Scrolls
 o - 2 scrolls of teleportation
 q - a scroll of identify
Potions
 c - a potion of invisibility
 d - 2 potions of cancellation
 f - 4 potions of curing
 g - a potion of berserk rage
 h - 3 potions of might
 i - 2 potions of haste
 j - a potion of ambrosia
 m - a potion of attraction
 p - a potion of heal wounds
 s - 2 potions of flight {unknown}
Miscellaneous
 t - a phantom mirror


   Skills:
 + Level 1.7 Fighting
 + Level 4.3 Short Blades
 + Level 5.4 Dodging
 + Level 12.2 Stealth
 + Level 7.2 Spellcasting
 + Level 7.4 Hexes
 + Level 3.7 Ice Magic


You had 14 spell levels left.
You knew the following spells:

 Your Spells              Type           Power      Damage    Failure   Level
a - Ensorcelled Hibernat  Hex/Ice        56%        N/A       1%          2
b - Tukima's Dance        Hex            34%        N/A       1%          3
c - Confusing Touch       Hex            34%        N/A       1%          3

Your spell library contained the following spells:

 Spells                   Type           Power      Damage    Failure   Level
 Slow                     Hex            100%       N/A       1%          1
 Dazzling Flash           Conj/Hex       40%        N/A       2%          3
 Ozocubu's Armour         Ice            21%        N/A       2%          3
 Passwall                 Tmut/Erth      5%         N/A       6%          2
 Swiftness                Air            6%         N/A       12%         3
 Vampiric Draining        Necr           6%         2d6       12%         3
 Ozocubu's Refrigeration  Ice            10%        4d7       99%         7


Dungeon Overview and Level Annotations

Branches:
Dungeon (7/15)             Temple (1/1) D:4

Altars:
Ashenzari
Cheibriados
Dithmenos
Gozag
Makhleb
Sif Muna
Trog
Wu Jian
The Shining One

Shops:
D:4 *

Annotations:
D:7 Harold


Innate Abilities, Weirdness & Mutations

You are very small and have problems with some larger weapons.
You are too small for most types of armour.
You have supernaturally acute eyesight. (SInv)
You cover ground extremely quickly. (Speed+++)


Message History

Harold is almost dead.
Harold barely misses you. The white imp spits at you.
Casting: Ensorcelled Hibernation (safe; 1% risk of failure)
Confirm with . or Enter, or press ? or * to list all spells.
Your hands begin to glow red.
Harold misses you.
You hit Harold but do no damage.
Harold is almost dead.
Harold closely misses you. The white imp gestures at you.
The puff of frost misses you.
You hit Harold but do no damage.
Harold is almost dead.
Harold misses you.
You hit Harold but do no damage.
Harold is almost dead.
The white imp gestures at you. The puff of frost misses you.
Harold hits you with a +0 flail!
You hit Harold but do no damage.
Harold is almost dead.
The white imp gestures at you. The puff of frost hits you!
* * * LOW HITPOINT WARNING * * *
Your hands stop glowing.
Harold throws a throwing net.
The throwing net hits you.
You become entangled in the net!
You see here a throwing net.
You struggle against the net.
You tear a large gash into the net.
You struggle against the net.
You rip the net and break free!
The white imp gestures at you. The puff of frost hits you.
* * * LOW HITPOINT WARNING * * *
You fade into invisibility!
Harold fires a harpoon shot at you. The harpoon shot misses you.
Harold fires a harpoon shot at you. The harpoon shot hits you!
You die...

#.# #.# #..###....#.#..##.##....
#.# #.# #...#...†##.............
#.# #.# #.#.#..#.###.##.........
#.# #.# #.#....................#
#.# #.###...#............#...#..
#.# #..##..##......5.#####....##
#.####.)#..##.....@....#...#....
#.#..................#..........
#...###.#..##..@....<...#######.
##### #....##.............## #.
##..#######...#..##(.####. #..#
#####.............. #..#
#........####..####
#..........##..#########.
.......######..#......... ......
...........####### #####......#


You could see Harold and a white imp.

Vanquished Creatures
  An unseen horror (D:5)
  A troll (D:6)
  4 water moccasins
  2 black bears (D:6)
  A sky beast (D:5)
  An ice beast (D:6)
  4 ogres
  2 centaurs (D:6)
  2 phantoms
  A bullfrog (D:6)
  2 scorpions
  A water moccasin skeleton (D:5)
  A howler monkey (D:6)
  A bullfrog skeleton (D:6)
  3 centaur zombies (D:5)
  2 hounds
  4 orc priests (D:5)
  3 centaur skeletons
  4 iguanas
  An orc wizard (D:5)
  2 killer bee zombies
  A howler monkey skeleton (D:7)
  8 adders
  A shadow imp (D:6)
  A white imp (D:5)
  2 ufetubi
  2 worms
  A dart slug (D:3)
  9 orcs
  5 ball pythons
  2 bats
  6 endoplasms
  2 giant cockroaches
  5 hobgoblins
  9 jackals
  3 quokkas
  3 frilled lizards
  5 goblins
  5 kobolds
  4 rats
117 creatures vanquished.

Notes
Turn   | Place    | Note
-------+----------+-------------------------------------------
     0 | D:1      | Plasmagod the Spriggan Enchanter began the quest for the
                  | Orb.
     0 | D:1      | Reached XP level 1. HP: 9/9 MP: 5/5
   702 | D:1      | Reached XP level 2. HP: 10/13 MP: 6/6
   705 | D:1      | Learned a level 2 spell: Ensorcelled Hibernation
  1583 | D:2      | Found an opulent altar of Gozag.
  1603 | D:2      | Reached skill level 5 in Stealth
  1946 | D:2      | Reached XP level 3. HP: 16/16 MP: 5/8
  2081 | D:2      | Learned a level 3 spell: Tukima's Dance
  2085 | D:2      | Learned a level 3 spell: Confusing Touch
  3135 | D:3      | Noticed a scorpion
  3487 | D:3      | Killed a scorpion
  3488 | D:3      | Reached skill level 6 in Stealth
  3488 | D:3      | Reached skill level 1 in Ice Magic
  3488 | D:3      | Reached XP level 4. HP: 21/21 MP: 7/10
  3830 | D:4      | Found a staircase to the Ecumenical Temple.
  3839 | Temple   | Entered the Ecumenical Temple
  3875 | Temple   | Became a worshipper of Dithmenos the Shadowed
  3939 | D:4      | Reached XP level 5. HP: 23/25 MP: 4/11
  4459 | D:4      | Found Kaathrab's CLEARANCE SALE!.
  4680 | D:5      | Entered Level 5 of the Dungeon
  4770 | D:5      | Reached skill level 7 in Stealth
  4836 | D:5      | Found a broken altar of Ashenzari.
  4866 | D:5      | Reached XP level 6. HP: 29/29 MP: 7/12
  4964 | D:5      | Reached skill level 5 in Hexes
  5263 | D:5      | Reached skill level 8 in Stealth
  5522 | D:5      | Reached XP level 7. HP: 32/32 MP: 14/14
  5526 | D:5      | Found a snail-covered altar of Cheibriados.
  5844 | D:5      | Reached skill level 1 in Fighting
  5916 | D:5      | Reached skill level 9 in Stealth
  6029 | D:5      | Noticed an unseen horror
  6214 | D:5      | Reached * piety under Dithmenos
  6219 | D:5      | Killed an unseen horror
  6220 | D:5      | Reached skill level 5 in Spellcasting
  6220 | D:5      | Reached XP level 8. HP: 37/37 MP: 11/16
  6481 | D:6      | Reached skill level 10 in Stealth
  6958 | D:6      | Reached skill level 11 in Stealth
  7110 | D:6      | Reached skill level 5 in Dodging
  7254 | D:6      | Reached XP level 9. HP: 41/41 MP: 8/19
  7524 | D:6      | Noticed a troll
  7786 | D:6      | Killed a troll
  7787 | D:6      | Reached skill level 12 in Stealth
  8076 | D:7      | Reached ** piety under Dithmenos
  8138 | D:7      | Noticed Harold
  8192 | D:7      | Killed from afar by Harold

Illustrated notes

Levels and vault maps discovered:
D:1:      elethiomel_arrival_fortress_basement, layout_loops_ring,
          supply_closet_lemuel
D:2:      layout_loops_ring, basic_altar
D:3:      cheibrodos_helix_gallery, layout_rooms, minmay_misc_feat_four_crosses,
          st_stairs_1
D:4:      layout_loops_corners, minmay_temple_entry_wispy,
          nicolae_shop_clearance
D:5:      minmay_chambers_of_fours, layout_rooms, cheibrodos_ashenzari_chains,
          cheibriados_altar_1, kennysheep_decorative_pillar
D:6:      minmay_clustersquares, layout_basic
D:7:      layout_rooms, uniq_harold
Temple:   mainiacjoe_temple_bowtie_tessellation

Skill      XL: |  1  2  3  4  5  6  7  8  9 |
---------------+----------------------------+-----
Hexes          | 4 5 6 7 |  7.4
Stealth        | 5 6 7 8 9 11 12 | 12.2
Spellcasting   | 3 4 5 6 7 |  7.2
Dodging        | 3 4 5 |  5.4
Ice Magic      | 1 2 3 |  3.7
Short Blades   | 2 3 4 |  4.3
Fighting       | 1 |  1.7

Action                   |  1- 3 |  4- 6 |  7- 9 || total
-------------------------+-------+-------+-------++-------
Melee: Dagger            |   133 |    49 |   163 ||   345
       Punch             |       |     1 |     3 ||     4
 Cast: Ensorcelled Hiber |    44 |    21 |    51 ||   116
       Confusing Touch   |       |     2 |     7 ||     9
  Use: Scroll            |     5 |       |    10 ||    15
       Potion            |     3 |       |     1 ||     4
 Stab: Sleeping          |    33 |    17 |    35 ||    85
       Confused          |       |     2 |     7 ||     9
       Distracted        |       |       |     1 ||     1
Armor: Robe              |    14 |    14 |    22 ||    50
Dodge: Dodged            |   111 |    25 |   164 ||   300
